[Event "Live Chess"]
[Site "Chess.com"]
[Date "2024.06.01"]
[Round "-"]
[White "jumush"]
[Black "KeithArkell"]
[Result "0-1"]
[WhiteElo "1733"]
[BlackElo "2514"]
[TimeControl "300"]
[EndTime "9:35:15 PDT"]
[Termination "KeithArkell won by resignation"]

1. e4 c6 2. d4 d5 3. exd5 cxd5 4. Nf3 Nf6 5. Ne5 Nc6 6. Bb5 Bd7 7. Nxd7 Qxd7 8. c3 e6 9. O-O Be7 10. Re1 O-O 11.
Nd2 g6 12. Nf3 Qc7 13. Bg5 Ne4 14. Bxe7 Qxe7 15. Bd3 Nd6 16. Qd2 Qf6 17. Qh6 Qg7 18. Qxg7+ Kxg7 19. Rad1 Rfc8 20. Ne5 Nxe5 21. Rxe5 b5 22. a3 a5 23. Re2 Rab8 24. g3 b4 25. axb4 axb4 26. cxb4 Rxb4 27. Kg2 Rxd4 28. Red2 Rb4 29.
h4 h6 30. Ra1 Rcb8 31. Ra6 Nc4 32. Bxc4 Rxc4 33. Ra2 g5 34. hxg5 hxg5 35. Kf3 g4+ 36. Kg2 Rb3 37. Re2 Kg6 38. Rd2 Rc1 39. Re2 Rb1 40.
Rd2 Kf6 41. Re2 Rd3 42. Rc2 Rdd1 0-1

[Event "Live Chess"]
[Site "Chess.com"]
[Date "2024.06.01"]
[Round "-"]
[White "Tatarinov_Maxim"]
[Black "FlyingChessKestrel13"]
[Result "1-0"]
[WhiteElo "2292"]
[BlackElo "2133"]
[TimeControl "300"]
[EndTime "9:35:25 PDT"]
[Termination "Tatarinov_Maxim won by resignation"]

1. Nf3 d5 2. g3 Nf6 3. Bg2 c6 4. c4 e6 5. O-O Bd6 6. b3 O-O 7. Bb2 Nbd7 8. d4 b6 9. Nc3 Bb7 10. Qc2 e5 11. cxd5 cxd5 12. dxe5 Nxe5 13. Nxe5 Bxe5 14. Nb5 Rc8 15. Qd2 a6 16. Bxe5 axb5 17. Rfd1 Qe7 18. Bxf6 Qxf6 19. Bxd5 Rfd8 20. e4 Bxd5 21.
exd5 Rd6 22. Qe2 Rxd5 23. Rxd5 Qxa1+ 24. Kg2 g6 25. Rxb5 Qd4 26. Re5 Kg7 27. Re7 Qd5+ 28.
Qe4 Qxe4+ 29. Rxe4 Rc6 30. Kf3 Kf6 31. h4 h5 32. a4 Rc3+ 33. Re3 Rc6 34. b4 Kf5 35. Ra3 f6 36. a5 bxa5 37. bxa5 Ra6 38. Ke3 Ke5 39. Kd3 Kd5 40. Ra2 f5 41. Ra1 Kc5 42. Ke3 Kd5 43. Kf4 Kd4 44. Rd1+ Kc3 45. Kg5 Rxa5 46.
Kxg6 Kc2 47. Rd8 Kc3 48. Kxh5 Ra2 49. f3 Rf2 50. g4 Rxf3 51. g5 f4 52. g6 Rg3 53.
Kh6 f3 54. Rf8 Kd3 55. g7 Ke3 56. g8=Q Rxg8 57. Rxg8 f2 58. Rf8 1-0

[Event "Live Chess"]
[Site "Chess.com"]
[Date "2024.06.01"]
[Round "-"]
[White "PatientChessPapa"]
[Black "YrrriKharkiv"]
[Result "0-1"]
[WhiteElo "888"]
[BlackElo "2104"]
[TimeControl "300"]
[EndTime "9:35:28 PDT"]
[Termination "YrrriKharkiv won on time"]

1. e4 e6 2. d4 d5 3. exd5 exd5 4. c4 c6 5. Nc3 Bb4 6. Nf3 Ne7 7. Be2 Nd7 8. O-O O-O 9. Bg5 f6 10. Bd2 Bd6 11.
Re1 Re8 12. Qc2 Nf8 13. cxd5 cxd5 14. Bb5 Bd7 15. Bd3 a6 16. Na4 Rc8 17. Qb3 b5 18. Nc3 Be6 19. a4 b4 20. Ne2 a5 21.
Bb5 Bd7 22. Bxd7 Qxd7 23. Nf4 Bxf4 24. Bxf4 Neg6 25. Bg3 Ne6 26. Rac1 Rxc1 0-1

[Event "Live Chess"]
[Site "Chess.com"]
[Date "2024.06.01"]
[Round "-"]
[White "Pizzaman313"]
[Black "13Alexey"]
[Result "1-0"]
[WhiteElo "1194"]
[BlackElo "738"]
[TimeControl "300"]
[EndTime "9:35:28 PDT"]
[Termination "Pizzaman313 won by checkmate"]

1. e4 e5 2. Nf3 Nc6 3. Bc4 Nf6 4. Ng5 Bc5 5. Bxf7+ Kf8 6. O-O Nxe4 7. Nxe4 Kxf7 8.
Nxc5 b6 9. Nd3 Re8 10. Qh5+ Kg8 11. Re1 d6 12. Nc3 Nd4 13. Nd5 Nxc2 14. Nxc7 Qxc7 15. Qxe8# 1-0

[Event "Live Chess"]
[Site "Chess.com"]
[Date "2024.06.01"]
[Round "-"]
[White "dl_chess"]
[Black "KyryloPoluliakh"]
[Result "0-1"]
[WhiteElo "1161"]
[BlackElo "1468"]
[TimeControl "300"]
[EndTime "9:35:43 PDT"]
[Termination "KyryloPoluliakh won by resignation"]

1. e4 c5 2. Nf3 Nc6 3. d4 cxd4 4. Nxd4 g6 5. Nc3 Bg7 6. Be3 Nf6 7. Bb5 a6 8. Bxc6 bxc6 9. Qd2 O-O 10. O-O-O Re8 11.
h4 h5 12. f4 Rb8 13. f5 Qb6 14. Nb3 Qb7 15. fxg6 fxg6 16. Bh6 Bh8 17. Qg5 Kh7 18. e5 Ng4 19. Qf4 Nxh6 20. Ne4 Qb5 21. Ng5+ Kg8 22.
Rhf1 Qxe5 23. Qxe5 Bxe5 24. Rde1 d6 25. c3 Nf5 26. g4 hxg4 27. h5 gxh5 28. Rxf5 Bxf5 0-1

[Event "Live Chess"]
[Site "Chess.com"]
[Date "2024.06.01"]
[Round "-"]
[White "blunderabit"]
[Black "seasidecastle27"]
[Result "1-0"]
[WhiteElo "1835"]
[BlackElo "1951"]
[TimeControl "300"]
[EndTime "9:35:46 PDT"]
[Termination "blunderabit won by checkmate"]

1. e4 e6 2. d4 d5 3. Bd3 c5 4. c3 Nc6 5. Nf3 dxe4 6. Bxe4 Nf6 7. Bd3 cxd4 8. cxd4 Be7 9. O-O O-O 10. Be3 b6 11. a3 Bb7 12. Nc3 Rc8 13. Rc1 Na5 14.
Bb1 Nc4 15. Qc2 Nxe3 16. fxe3 Be4 17. Qe2 Bxb1 18. Rxb1 Bxa3 19. Nb5 Be7 20. Nxa7 Ra8 21. Nc6 Qd7 22. Nfe5 Qb7 23. Qf3 Bd6 24. g4 Bxe5 25.
Nxe5 Qxf3 26. Rxf3 h6 27. h4 Nd5 28. Rbf1 f6 29.
Ng6 Rfc8 30. e4 Kh7 31. exd5 Kxg6 32. dxe6 Re8 33. h5+ Kg5 34. Rf5+ Kxg4 35. Kg2 g5 36. hxg6 Rxe6 37. R1f4# 1-0

[Event "Live Chess"]
[Site "Chess.com"]
[Date "2024.06.01"]
[Round "-"]
[White "jimwad"]
[Black "viktor_forever1994"]
[Result "0-1"]
[WhiteElo "1217"]
[BlackElo "1414"]
[TimeControl "300"]
[EndTime "9:35:47 PDT"]
[Termination "viktor_forever1994 won by checkmate"]

1. c4 e5 2. g3 Nc6 3. Bg2 Nf6 4. Nc3 d6 5. e3 Be6 6. b3 d5 7. cxd5 Nxd5 8. Nxd5 Bxd5 9. Bxd5 Qxd5 10. Nf3 O-O-O 11. O-O f5 12. d4 h6 13. Bb2 g5 14. dxe5 Qe4 15. e6 Rxd1 16. Raxd1 Qxf3 17. Bxh8 Bd6 18. Bg7 h5 19. Bf6 h4 20. gxh4 gxh4 21. Bxh4 Qh3 22.
Bg3 Ne5 23. Bxe5 Bxe5 24. e7 Qxh2# 0-1

[Event "Live Chess"]
[Site "Chess.com"]
[Date "2024.06.01"]
[Round "-"]
[White "Mangoalo"]
[Black "SirGerhard"]
[Result "0-1"]
[WhiteElo "988"]
[BlackElo "2760"]
[TimeControl "300"]
[EndTime "9:35:50 PDT"]
[Termination "SirGerhard won by checkmate"]

1. e4 c5 2. Nf3 d6 3. d4 cxd4 4. Nxd4 Nf6 5. Nc3 a6 6. f4 Nc6 7. Nxc6 bxc6 8. e5 Ng4 9. exd6 exd6 10. h3 Qh4+ 11. Ke2 Qf2+ 12. Kd3 Bf5+ 13. Kc4 Qc5+ 14. Kb3 Rb8+ 15. Ka4 Qb4# 0-1

[Event "Live Chess"]
[Site "Chess.com"]
[Date "2024.06.01"]
[Round "-"]
[White "alicechristina"]
[Black "Bob2pen"]
[Result "1-0"]
[WhiteElo "1706"]
[BlackElo "1797"]
[TimeControl "300"]
[EndTime "9:35:51 PDT"]
[Termination "alicechristina won by checkmate"]

1. c4 e5 2. Nc3 Nf6 3. g3 d5 4.
cxd5 Nxd5 5. Bg2 Nb6 6. d3 Be7 7. Be3 O-O 8. h4 c6 9. Nh3 Be6 10. Ng5 Bxg5 11. hxg5 Nd5 12. Bd2 Nd7 13. Be4 g6 14. Qc2 Nc5 15. Bxd5 Bxd5 16. Rh6 Ne6 17. f4 Ng7 18. O-O-O Nf5 19. Rh3 Be6 20. Rdh1 h5 21.
g4 Nd4 22. Qd1 Bxg4 23. R3h2 b5 24. Ne4 Nxe2+ 25. Rxe2 Qxd3 26. Nf6+ Kg7 27. Nxg4 hxg4 28. Bc3 Qc4 29. Kb1 Rad8 30. Bxe5+ f6 31. Bxf6+ Rxf6 32.
gxf6+ Kf7 33. Rh7+ Kxf6 34. Qxd8+ Kf5 35. Qg5# 1-0

[Event "Live Chess"]
[Site "Chess.com"]
[Date "2024.06.01"]
[Round "-"]
[White "gunslinger222"]
[Black "Ferrarifan27"]
[Result "1-0"]
[WhiteElo "2284"]
[BlackElo "2070"]
[TimeControl "300"]
[EndTime "9:35:54 PDT"]
[Termination "gunslinger222 won by resignation"]

1. d4 Nf6 2. c4 e6 3. Nc3 Bb4 4.
e3 c5 5. Bd3 Nc6 6. Ne2 d6 7.
O-O e5 8. d5 Bxc3 9. dxc6 Ba5 10. cxb7 Bxb7 11. Qa4+ Nd7 12. Bf5 Bc7 13. f4 g6 14.
Bxd7+ Qxd7 15. Qxd7+ Kxd7 16. fxe5 Rhf8 17. exd6 Bxd6 18.
Bd2 Rad8 19. Rad1 Kc8 20. Ba5 Bc7 21. Bxc7 Kxc7 22. Nc3 f5 23. Kf2 Rfe8 24. g3 a6 25. Na4 Re5 26. Rxd8 Kxd8 27. Rd1+ Kc7 28. b3 Bc6 29. Nb2 Re7 30. Nd3 Kb6 31. Nf4 Rd7 32. Rxd7 Bxd7 33. Nd5+ Kc6 34. Nf6 h6 35. Nxd7 Kxd7 36.
Kf3 Ke6 37. e4 Ke5 38. exf5 Kxf5 39. h3 Ke5 40. Ke3 a5 41. a3 Kf5 42. Kd3 Ke5 43. Kc3 g5 44. b4 axb4+ 45. axb4 cxb4+ 46. Kxb4 Kd6 47. Kb5 Kc7 48. Kc5 h5 49. Kd5 Kd7 50. Ke5 h4 51. g4 Kc6 52. Kf5 Kc5 53. Kxg5 Kxc4 54. Kxh4 1-0

[Event "Live Chess"]
[Site "Chess.com"]
[Date "2024.06.01"]
[Round "-"]
[White "GEMdzq"]
[Black "TedUdale"]
[Result "1-0"]
[WhiteElo "2356"]
[BlackElo "2154"]
[TimeControl "300"]
[EndTime "9:35:56 PDT"]
[Termination "GEMdzq won by checkmate"]

1. e4 c6 2. d4 d5 3. e5 Bf5 4. h4 e6 5. g4 Qa5+ 6. Nc3 Ne7 7. gxf5 Nxf5 8. Nf3 Nd7 9. Bd3 g6 10. Bxf5 gxf5 11. Bg5 c5 12. Qd2 cxd4 13. Qxd4 Bc5 14. Qa4 Qc7 15. Nb5 Qc6 16. Nd6+ Bxd6 17.
Qxc6 bxc6 18. exd6 f6 19. Bd2 e5 20. h5 Kf7 21. O-O-O Ke6 22. Rhg1 Rhg8 23. c4 Kxd6 24.
cxd5 cxd5 25. Bb4+ Kc6 26. Kb1 a5 27. Rc1+ Kb5 28. Bd6 Nb6 29. Rc5+ Ka6 30. Rgc1 Rac8 31. Be7 Rxc5 32. Rxc5 e4 33. Nd4 f4 34. Bxf6 Rg1+ 35. Rc1 Rg2 36. f3 e3 37. b3 Nd7 38. Bd8 Ne5 39.
Bc7 Nd3 40. Rd1 e2 41. Nxe2 Nf2 42. Rxd5 Nh3 43. Nxf4 Rg1+ 44. Kb2 Nf2 45. Rd6+ Kb7 46. Bb6 Nd1+ 47. Kc1 Rf1 48. Rxd1 Rxf3 49. Nd5 Kc6 50.
Bd8 Rh3 51. Bxa5 Rxh5 52. Ne7+ Kb7 53. Bc3 Rc5 54. a4 Rxc3+ 55. Kb2 Re3 56. Nd5 Re5 57.
a5 h5 58. b4 Kc6 59. Nc3 h4 60. Kb3 Re3 61. Rh1 h3 62. Kc4 Rg3 63. b5+ Kb7 64. a6+ Kb6 65. Nd5+ Ka5 66. Ra1+ Ra3 67. Rxa3# 1-0

[Event "Live Chess"]
[Site "Chess.com"]
[Date "2024.06.01"]
[Round "-"]
[White "TheRedDrag"]
[Black "Trecregin"]
[Result "1-0"]
[WhiteElo "2177"]
[BlackElo "1824"]
[TimeControl "300"]
[EndTime "9:36:10 PDT"]
[Termination "TheRedDrag won by checkmate"]

1. e4 Nf6 2. e5 Ng8 3. d4 d6 4. exd6 exd6 5. Nf3 d5 6. c4 Nf6 7. Nc3 Nc6 8. cxd5 Nxd5 9. Bc4 Nb6 10. Bb3 Be7 11.
O-O O-O 12. Re1 Bg4 13. d5 Na5 14. Bc2 g6 15. Qd3 Nac4 16. b3 Nd6 17. Bf4 Bf6 18.
Ne5 Bf5 19. Qd2 Bxc2 20. Qxc2 Re8 21. Rad1 Nf5 22. Ng4 Bg7 23. Qd2 Qh4 24. h3 Nd4 25. Bg5 Qh5 26. Bf6 Rxe1+ 27. Rxe1 Nf5 28. Bxg7 Kxg7 29.
Re7 Qh4 30. Rxc7 h5 31. Ne5 Rf8 32. d6 Qf6 33. d7 Rd8 34. Qf4 Nxd7 35. Nxd7 Rxd7 36.
Rxd7 Qxc3 37. Rd1 Qc2 38. Qe5+ Kg8 39. Rd8+ Kh7 40. Rh8# 1-0

[Event "Live Chess"]
[Site "Chess.com"]
[Date "2024.06.01"]
[Round "-"]
[White "Richardallis"]
[Black "akp42"]
[Result "0-1"]
[WhiteElo "1954"]
[BlackElo "2009"]
[TimeControl "300"]
[EndTime "9:36:34 PDT"]
[Termination "akp42 won by checkmate"]

1. d4 Nf6 2. Nf3 d5 3. Bg5 Ne4 4. Bf4 e6 5. Nbd2 Nxd2 6. Qxd2 Bd6 7. c3 Bxf4 8. Qxf4 O-O 9. e4 dxe4 10. Qxe4 Nd7 11.
Bd3 Nf6 12. Qh4 h6 13. Ne5 Qd5 14. O-O b6 15. f3 Bb7 16. Rad1 Qxa2 17. Rd2 Rad8 18.
Rfd1 Qa5 19. g4 c5 20. g5 hxg5 21. Qxg5 cxd4 22. cxd4 Rxd4 23. Rg2 Ne8 24. Bh7+ Kxh7 25. Rxd4 Qe1# 0-1

[Event "Live Chess"]
[Site "Chess.com"]
[Date "2024.06.01"]
[Round "-"]
[White "AnotherOneBadPlayer"]
[Black "MiflockHydra"]
[Result "1-0"]
[WhiteElo "2085"]
[BlackElo "587"]
[TimeControl "300"]
[EndTime "9:36:39 PDT"]
[Termination "AnotherOneBadPlayer won by resignation"]

1. Nf3 d5 2. b3 Bf5 3. Bb2 e6 4. e3 Be7 5. Bxg7 Bf6 6. Bxh8 Bxh8 7. Nc3 b5 8. Bxb5+ c6 9. Be2 Bxc3 10. dxc3 Qa5 11. b4 Qa3 12. Qd4 Ne7 13. O-O 1-0

[Event "Live Chess"]
[Site "Chess.com"]
[Date "2024.06.01"]
[Round "-"]
[White "MagnersCarlsberg2870"]
[Black "TC2304"]
[Result "0-1"]
[WhiteElo "1880"]
[BlackElo "2338"]
[TimeControl "300"]
[EndTime "9:36:53 PDT"]
[Termination "TC2304 won by resignation"]

1. Nf3 Nf6 2. g3 b5 3. Bg2 Bb7 4. d3 e6 5. O-O Be7 6. e4 c5 7. Nbd2 d6 8. Re1 O-O 9. Nf1 Nbd7 10. h4 a5 11. Bf4 a4 12. N1h2 e5 13. Bg5 c4 14. dxc4 bxc4 15. Nd2 c3 16. bxc3 Rc8 17. f4 Rxc3 18. Rb1 Ba6 19. Ndf3 Qc7 20. Bxf6 Nxf6 21. fxe5 dxe5 22. Ng5 Rxc2 23. Ng4 Qc5+ 24. Kh1 Nxg4 25. Qxg4 Qf2 26. Rg1 Be2 27. Qd7 Bxg5 28. hxg5 Bf3 29. Qh3 Bxg2+ 30. Rxg2 Qf3 31. Kh2 Qxe4 32. Rxc2 Qxc2+ 0-1

[Event "Live Chess"]
[Site "Chess.com"]
[Date "2024.06.01"]
[Round "-"]
[White "elephantgerrald"]
[Black "alexholowczak"]
[Result "0-1"]
[WhiteElo "713"]
[BlackElo "1456"]
[TimeControl "300"]
[EndTime "9:36:54 PDT"]
[Termination "alexholowczak won by checkmate"]

1. e4 e6 2. Nf3 d5 3. exd5 exd5 4. Qe2+ Be6 5. Nc3 Nf6 6. d4 Bb4 7. Bd2 O-O 8. a3 Bxc3 9. Bxc3 c6 10. O-O-O Nbd7 11. Qd3 b5 12. b4 Qe7 13. h3 a5 14. Kb2 Ne4 15. Qe3 Nb6 16. g3 Nc4+ 17. Bxc4 bxc4 18. Ne5 Qb7 19. f3 Nxc3 20. Qxc3 Rfb8 21. Rb1 axb4 22. axb4 Qxb4+ 23. Qxb4 Rxb4+ 24. Kc3 Rxb1 25. Rxb1 h6 26.
f4 Ra3+ 27. Kb4 Rxg3 28. Nxc6 Rxh3 29. Ne7+ Kh7 30. Kc5 Rc3 31. Nxd5 Bxd5 32. Kxd5 Rxc2 33. Rb4 c3 34. Rb7 Kg6 35. Rb6+ f6 36. Ke4 h5 37.
Kd3 Rc1 38. Rb3 h4 39. Ke2 h3 40. f5+ Kxf5 41. Rb5+ Kg6 42. d5 h2 43. d6 h1=Q 44. d7 Qd1+ 45. Ke3 Qd2+ 46. Ke4 Re1+ 47. Kf3 Qe2+ 48. Kf4 Qf2+ 49. Kg4 Rg1+ 50. Kh3 Qg3# 0-1

[Event "Live Chess"]
[Site "Chess.com"]
[Date "2024.06.01"]
[Round "-"]
[White "CheckThis4"]
[Black "EdenHazard8"]
[Result "1-0"]
[WhiteElo "2693"]
[BlackElo "2178"]
[TimeControl "300"]
[EndTime "9:36:56 PDT"]
[Termination "CheckThis4 won by resignation"]

1. e4 e5 2. Nf3 Nc6 3. Bb5 Nge7 4. O-O g6 5. d4 exd4 6. Bg5 Bg7 7. c3 dxc3 8. Nxc3 h6 9. Bh4 g5 10. Bg3 d6 11.
Nd5 O-O 12. Rc1 f5 13. exf5 Nxf5 14. Re1 Nxg3 15. hxg3 Bg4 16. Bxc6 bxc6 17. Rxc6 Rf7 18. Qb3 Rb8 19. Qc4 Bxf3 20. gxf3 Kh8 21. Nxc7 Re7 22. Ne6 Qe8 23. Rxd6 Rxb2 24. Re4 Rb8 25. Nxg7 Kxg7 26. Qd4+ Kg8 27. Rxh6 Rxe4 28. fxe4 1-0

[Event "Live Chess"]
[Site "Chess.com"]
[Date "2024.06.01"]
[Round "-"]
[White "grillage"]
[Black "Hazban"]
[Result "0-1"]
[WhiteElo "1910"]
[BlackElo "2044"]
[TimeControl "300"]
[EndTime "9:37:24 PDT"]
[Termination "Hazban won by resignation"]

1. d4 Nf6 2. Nf3 d5 3. c4 c6 4.
Qc2 a6 5. Bg5 g6 6. e3 Bf5 7.
Qb3 Bc8 8. Nc3 dxc4 9. Bxc4 e6 10. O-O Bg7 11. e4 Qa5 12. e5 Nd5 13. Ne4 O-O 14.
Nd6 Nd7 15. Bxd5 Qxd5 16. Qxd5 cxd5 17. Be7 Nb6 18. Bxf8 Bxf8 19. Nxc8 Rxc8 20. Rac1 Rb8 21. b3 Ba3 22. Rc7 Na8 23. Rc2 Nb6 24. Rd1 h6 25. h3 Kf8 26. Rd3 Bb4 27. a3 Bxa3 28. Rdc3 Bb4 29. Rc7 a5 30. Nh2 a4 31. bxa4 Nc4 32. Ng4 Ba5 33. Rc5 b6 34. Rb5 Na3 35. Rcb2 Nxb5 36. Rxb5 h5 37. Nf6 Ke7 38. g4 Bc3 39.
gxh5 gxh5 40. Nxh5 Bxd4 41. Kg2 Rh8 42. Ng3 Ra8 43.
a5 Rxa5 44. Rxa5 bxa5 45. h4 a4 46. Nf1 a3 47. Nd2 a2 48. Nb3 Bxe5 49. Kf3 a1=Q 50. Nxa1 Bxa1 51. Kg4 Bf6 0-1

[Event "Live Chess"]
[Site "Chess.com"]
[Date "2024.06.01"]
[Round "-"]
[White "A3ndrey9"]
[Black "Tushinskiy"]
[Result "0-1"]
[WhiteElo "1277"]
[BlackElo "2230"]
[TimeControl "300"]
[EndTime "9:37:25 PDT"]
[Termination "Tushinskiy won on time"]

1. Nf3 d5 2. d4 c6 3. g3 Nf6 4. Bg2 Bg4 5. O-O Bh5 6. Bf4 Nbd7 7. Ne5 e6 8. Nxd7 Qxd7 9. Nd2 Bd6 10. Bg5 Be7 11. c4 dxc4 12. Nxc4 O-O 13. Ne5 Qc7 14. Qc2 Rad8 15. e3 Nd5 16. Bxe7 Qxe7 17. Nf3 Bg6 18. Qd2 Nb6 19. b3 e5 20. Nxe5 Qxe5 21. dxe5 Rxd2 22.
Rfd1 Rfd8 23. Bf3 Kf8 24. h4 Rxd1+ 25. Rxd1 Rxd1+ 26. Bxd1 Bb1 27. a4 Ke7 28. f4 Nd5 29. Kf2 Nc3 30. Be2 Nxe2 31. Kxe2 Bc2 32. b4 Bxa4 33.
Kd3 Bb5+ 34. Kd4 b6 35. e4 a5 36. bxa5 bxa5 37. Kc5 a4 38. Kb4 Ke6 39. g4 Ke7 40. f5 h6 41. g5 hxg5 42. hxg5 g6 43. e6 gxf5 44. exf5 fxe6 45. fxe6 Kxe6 46. g6 Kf6 47. g7 Kxg7 48. Ka3 Kf6 49. Kb4 Ke5 50. Ka3 Kd4 51.
Kb4 Kd3 52. Ka3 Kc3 53. Ka2 Kb4 54.
Kb2 c5 55. Ka2 c4 56. Kb2 c3+ 0-1

[Event "Live Chess"]
[Site "Chess.com"]
[Date "2024.06.01"]
[Round "-"]
[White "KGreenGator"]
[Black "Keithdfg"]
[Result "1-0"]
[WhiteElo "1774"]
[BlackElo "1731"]
[TimeControl "300"]
[EndTime "9:37:25 PDT"]
[Termination "KGreenGator won by resignation"]

1. c4 d6 2. Nc3 e5 3. d3 Nd7 4. e4 Ngf6 5. Nf3 Be7 6. Be2 O-O 7. O-O c6 8. Re1 a6 9. h3 b5 10. cxb5 axb5 11. a3 b4 12. Nb1 Bb7 13. b3 d5 14. exd5 cxd5 15. a4 Bd6 16. Bd2 Re8 17. Nh2 e4 18. dxe4 Nxe4 19. Be3 Qf6 20. Ra2 Rac8 21.
Ng4 Qg6 22. Bf3 f5 23. Nh2 Ne5 24. Nd2 Nc3 25. Qa1 Nd3 26. Rf1 f4 27. Bd4 Ne2+ 28. Bxe2 Rxe2 29. Ndf3 Ba6 30. Rxe2 1-0

[Event "Live Chess"]
[Site "Chess.com"]
[Date "2024.06.01"]
[Round "-"]
[White "TheSmoulderingMaster"]
[Black "Pedrada88"]
[Result "0-1"]
[WhiteElo "1742"]
[BlackElo "2552"]
[TimeControl "300"]
[EndTime "9:37:29 PDT"]
[Termination "Pedrada88 won by resignation"]

1. e4 e5 2. Nf3 Nf6 3. Nxe5 d6 4. Nf3 Nxe4 5. Nc3 Nxc3 6. dxc3 Be7 7. Bd3 Nc6 8. Bf4 Be6 9. Qd2 Qd7 10. O-O-O O-O-O 11. Bb5 a6 12. Ba4 Bf6 13. Nd4 b5 14. Bb3 Nxd4 15. cxd4 Rhe8 16. Qa5 Kb7 17. d5 Bf5 18. a4 Re4 19.
Be3 bxa4 20. Ba2 Qb5 21. Qxb5+ axb5 22. Bb1 Rc4 23. c3 Bxb1 24. Kxb1 b4 25. Bd4 Bxd4 26. Rxd4 Rxd4 27. cxd4 Re8 28. Rc1 Re2 29. Rc2 Re1+ 30. Rc1 Rxc1+ 31. Kxc1 Kb6 32. Kc2 Kb5 33. Kd3 a3 34.
bxa3 bxa3 35. Kc3 a2 36. Kb2 Kc4 0-1

[Event "Live Chess"]
[Site "Chess.com"]
[Date "2024.06.01"]
[Round "-"]
[White "resipsa6"]
[Black "raimundklein"]
[Result "1/2-1/2"]
[WhiteElo "2040"]
[BlackElo "1591"]
[TimeControl "300"]
[EndTime "9:37:32 PDT"]
[Termination "Game drawn - insufficient material"]

1. e4 c6 2. e5 d5 3. exd6 exd6 4. d4 d5 5. Nf3 Bg4 6. Be2 Nf6 7. O-O Bd6 8. Ne5 Bxe2 9. Qxe2 O-O 10. c3 Re8 11. Re1 Nbd7 12. Bf4 Qc7 13. Nd2 Nxe5 14. dxe5 Bc5 15.
Nf3 Nh5 16. Bg3 Nxg3 17. hxg3 Re7 18. Qd3 Rae8 19. b4 Bb6 20. a4 a6 21. Rad1 Ba7 22.
Kf1 Qb6 23. Qe3 Qxe3 24. fxe3 Bb8 25. e4 Bxe5 26. exd5 cxd5 27. Rxd5 f6 28. Nxe5 fxe5 29. Red1 Kf7 30. Ke2 Rc8 31. R1d3 e4 32. Re3 Rc4 33. Rf5+ Ke6 34. Rf4 Kd5 35. Rf5+ Kc6 36. Kd2 g6 37. Rf4 Kd5 38. Kc2 Ke5 39. Rf2 Rec7 40. Kb3 b5 41.
a5 Rd7 42. Kc2 Rdc7 43. Rf8 Rxb4 44. Re8+ Kf6 45. R8xe4 Rbc4 46. Rf3+ Kg7 47. Re6 R4c6 48. Rxc6 Rxc6 49. Kb3 g5 50. Rd3 Kg6 51. g4 h5 52.
gxh5+ Kxh5 53. Rd4 g4 54. g3 Kg5 55. Rd5+ Kg6 56.
Rd4 Kg5 57. c4 bxc4+ 58. Rxc4 Rf6 59. Rc5+ Rf5 60. Rxf5+ Kxf5 61. Kc4 Ke4 62. Kc5 Kf3 63. Kb6 Kxg3 64. Kxa6 Kh2 65. Kb7 g3 66. a6 g2 67. a7 g1=Q 68. a8=Q Qg2+ 69. Ka7 Qxa8+ 70. Kxa8 1/2-1/2

[Event "Live Chess"]
[Site "Chess.com"]
[Date "2024.06.01"]
[Round "-"]
[White "PureDashingOctopus"]
[Black "MaximKhimchenko"]
[Result "0-1"]
[WhiteElo "2214"]
[BlackElo "1801"]
[TimeControl "300"]
[EndTime "9:37:38 PDT"]
[Termination "MaximKhimchenko won by resignation"]

1. e4 c5 2. Nc3 d6 3. d4 cxd4 4. Qxd4 Nf6 5. Be3 Nc6 6. Qd2 g6 7. O-O-O Bg7 8. f3 O-O 9. g4 Be6 10. Nge2 Rc8 11. Nf4 Nd7 12. Nxe6 fxe6 13. Bc4 Qa5 14.
Bxe6+ Kh8 15. Bxd7 Nb4 16. Bxc8 Rxc8 17. Bd4 e5 18. Be3 Rxc3 19. bxc3 Qa3+ 20. Kb1 Qxa2+ 0-1

[Event "Live Chess"]
[Site "Chess.com"]
[Date "2024.06.01"]
[Round "-"]
[White "MellowAesthetic"]
[Black "Crowded_House"]
[Result "1-0"]
[WhiteElo "2074"]
[BlackElo "1738"]
[TimeControl "300"]
[EndTime "9:37:39 PDT"]
[Termination "MellowAesthetic won by checkmate"]

1. e4 e6 2. d4 d5 3. Nd2 dxe4 4. Nxe4 Bd7 5. Nf3 Bc6 6. Bd3 Nd7 7. Qe2 Ngf6 8.
Nxf6+ Qxf6 9. Ne5 Nxe5 10. dxe5 Qe7 11. O-O O-O-O 12. Be3 Kb8 13. a4 g6 14. a5 a6 15.
Bxa6 bxa6 16. Qxa6 Bb7 17. Qa7+ Kc8 18. a6 c6 19. axb7+ Qxb7 20. Qxb7+ Kxb7 21. Ra7+ Kc8 22. Rxf7 Rd7 23. Rxd7 Kxd7 24. Ra1 Kc7 25. Ra7+ Kb8 26. Rf7 h5 27. Rf6 Rg8 28. Rxe6 Kc7 29. Re8 Kd7 30. Ra8 Ke6 31. Bc5 Kf7 32. Rxf8+ Rxf8 33. Bxf8 Kxf8 34. f4 Ke7 35. Kf2 Ke6 36. Ke3 Kf5 37. b4 Ke6 38. c4 Kd7 39. h3 Ke6 40. g4 hxg4 41. hxg4 Ke7 42. Ke4 Ke6 43. f5+ gxf5+ 44. gxf5+ Ke7 45. Kd4 Kd7 46. Kc5 Kc7 47. e6 Kd8 48. Kxc6 Ke7 49.
Kd5 Ke8 50. Ke4 Kf8 51. Ke5 Ke7 52. f6+ Ke8 53. c5 Kf8 54. b5 Ke8 55. c6 Kd8 56. b6 Kc8 57. Kd6 Kd8 58. Kc5 Ke8 59. Kb4 Kf8 60. Ka3 Ke8 61. Kb2 Kd8 62. Kc1 Kc8 63. Kd2 Kb8 64. Ke1 Kc8 65. Kf2 Kd8 66.
Kg1 Ke8 67. Kh1 Kd8 68. Kg2 Ke8 69. Kh3 Kf8 70. Kg4 Kg8 71. Kh5 Kh7 72. b7 Kg8 73. c7 Kh7 74. Kg5 Kg8 75. Kf5 Kh7 76. b8=Q Kh6 77. c8=Q Kh5 78. Qg3 Kh6 79. e7 Kh7 80.
e8=Q Kh6 81. f7 Kh7 82. Qcd8 Kh6 83. f8=Q+ Kh7 84. Qeg6# 1-0

[Event "Live Chess"]
[Site "Chess.com"]
[Date "2024.06.01"]
[Round "-"]
[White "vincents82"]
[Black "Andysav3"]
[Result "1/2-1/2"]
[WhiteElo "2132"]
[BlackElo "1842"]
[TimeControl "300"]
[EndTime "9:37:39 PDT"]
[Termination "Game drawn by repetition"]

1. e4 c5 2. Nf3 b6 3. d4 cxd4 4. Nxd4 Bb7 5. Nc3 g6 6. Be3 Bg7 7. Be2 Nc6 8. O-O Nf6 9. Qd2 O-O 10. f3 d6 11. Rad1 Nd7 12. Nxc6 Bxc6 13. Nd5 Nc5 14. c4 Bxd5 15. exd5 Rc8 16. b4 Nd7 17. Rc1 Nf6 18. Bd3 Qd7 19. Rfe1 Rfe8 20. Be4 Qa4 21. Qc2 Qxb4 22. Bd3 Nxd5 23. Qf2 Nxe3 24. Qxe3 Qc5 25. Qxc5 bxc5 26. Rb1 Rb8 27. Kf1 Kf8 28. Rxb8 Rxb8 29. Rb1 Rxb1+ 30. Bxb1 Ke8 31. Ke2 Kd7 32. g4 e6 33. Kd3 Kc6 34. Bc2 d5 35. h4 h5 36. gxh5 gxh5 37. Bd1 Bf6 38. f4 Bxh4 39. Bxh5 f6 40. f5 e5 41. cxd5+ Kxd5 42. Bf3+ Kd6 43. Kc4 Bf2 44. Bd5 Bd4 45. Be4 a6 46. a4 a5 47. Bd5 Be3 48. Be4 Bd2 49. Bd5 Bb4 50.
Be4 Bd2 51. Bd5 Bb4 52. Be4 Bd2 1/2-1/2

[Event "Live Chess"]
[Site "Chess.com"]
[Date "2024.06.01"]
[Round "-"]
[White "DJ_Lambton"]
[Black "hapehansen"]
[Result "1/2-1/2"]
[WhiteElo "1751"]
[BlackElo "2245"]
[TimeControl "300"]
[EndTime "9:37:41 PDT"]
[Termination "Game drawn - insufficient material"]

1. c4 e6 2. g3 d5 3. Bg2 Nf6 4. Nf3 Be7 5. O-O O-O 6. b3 d4 7.
Bb2 c5 8. d3 Nc6 9. Nbd2 e5 10.
a3 Re8 11. Re1 a5 12. e3 Bf8 13. exd4 cxd4 14. Ne4 Nxe4 15. Rxe4 Bf5 16. Re2 Qd7 17. Qd2 Bg4 18. Rae1 f6 19. h3 Bh5 20. Kh2 Rad8 21.
Re4 Bc5 22. Rh4 Bf7 23. Bc1 Qd6 24. Qe2 Bxa3 25. Qe4 f5 26. Qxf5 Bg6 27. Qg5 Bxc1 28. Rxc1 Qf6 29. Qxf6 gxf6 30. Re1 Bxd3 31. Nd2 Bg6 32. Rg4 f5 33. Rg5 e4 34. h4 Kh8 35.
h5 Bf7 36. Rh1 Re5 37. Bh3 Be6 38. Kg2 Rg8 39. Rxg8+ Kxg8 40. Ra1 Kg7 41. Re1 Kh6 42.
Kg1 Kxh5 43. Bf1 d3 44. Kg2 Kg5 45. f3 exf3+ 46. Nxf3+ Kf6 47. Nxe5 Nxe5 48. Rd1 a4 49. Bxd3 Nxd3 50. Rxd3 axb3 51. Rxb3 Bxc4 52. Rxb7 Kg5 53. Rxh7 Bd5+ 54. Kf2 Be4 55. Rg7+ Kf6 56. Rg8 Kf7 57. Rb8 Kf6 58. Rb6+ Kg5 59. Rb3 Kg4 60. Re3 Kg5 61.
Ke2 Kg4 62. Kd2 Bf3 63. Kc3 Kxg3 64. Kd4 f4 65. Re5 Kg4 66. Re8 Bg2 67. Rg8+ Kh3 68. Rf8 f3 69. Ke3 Kg3 70. Rg8+ Kh4 71. Rf8 Kh5 72.
Rxf3 Bxf3 1/2-1/2